 Dungeon Crawl Stone Soup version 0.22.1-6-g1668fe2c40 (webtiles) character file.

64931 Herrscher the Severer (level 14, -14/210 HPs)
             Began as a Minotaur Berserker on Jan 15, 2019.
             Was a High Priest of Trog.
             Demolished by an orc warlord
             ... wielding a +1 war axe of draining
              (29 damage)
             ... on level 1 of the Orcish Mines on Jan 17, 2019.
             The game lasted 02:29:46 (28157 turns).

Herrscher the Severer (Minotaur Berserker)         Turns: 28157, Time: 02:29:47

Health: -14/210    AC: 23    Str: 31    XL:     14   Next: 73%
Magic:  13/13      EV:  8    Int:  7    God:    Trog [*****.]
Gold:   1615       SH:  0    Dex: 10    Spells: 13/13 levels left

rFire    + + .     SeeInvis .   a - +4 executioner's axe (freeze)
rCold    . . .     Gourm    .   (shield currently unavailable)
rNeg     . . .     Faith    +   O - +4 plate armour {rF+}
rPois    .         Spirit   .   (helmet restricted)
rElec    .         Reflect  .   v - +0 cloak
rCorr    .         Harm     .   h - +0 pair of gloves
MR       ++++.                  w - +1 pair of boots
Stlth    ..........             Q - amulet of Yseitwus {Faith rF+ Int+2}
HPRegen  1.45/turn              i - ring of protection from magic
MPRegen  0.13/turn              F - +5 ring of slaying

@: berserking, regenerating, very heavily drained, very quick
A: retaliatory headbutt, horns 2
a: Berserk, Trog's Hand, Brothers in Arms, Renounce Religion


You were on level 1 of the Orcish Mines.
You worshipped Trog.
Trog was extremely pleased with you.
You were not hungry.

You visited 3 branches of the dungeon, and saw 20 of its levels.

You collected 1865 gold pieces.
You spent 250 gold pieces at shops.

Inventory:

Hand Weapons
 a - a +4 executioner's axe of freezing (weapon)
Missiles
 r - 26 poisoned needles
Armour
 h - a +0 pair of gloves (worn)
 v - a +0 cloak (worn)
 w - a +1 pair of boots (worn)
 O - a +4 plate armour of fire resistance (worn)
Jewellery
 i - a ring of protection from magic (left hand)
 D - an uncursed ring of see invisible
 E - an uncursed ring of fire
 F - a +5 ring of slaying (right hand)
 I - an uncursed ring of protection from fire
 J - a cursed +4 ring of evasion
 Q - the amulet of Yseitwus (around neck) {Faith rF+ Int+2}
   (You found it on level 11 of the Dungeon)

   [amulet of faith]

   It allows you to gain divine favour quickly.
   It affects your intelligence (+2).
   It protects you from fire.
Wands
 k - a wand of disintegration (13)
 m - a wand of enslavement (6)
 o - a wand of polymorph (36)
 t - a wand of acid (20)
 x - a wand of scattershot (4)
 B - a wand of iceblast (25)
 S - a wand of flame (70)
Scrolls
 b - 2 scrolls of identify
 d - 3 scrolls of immolation
 e - 3 scrolls of noise
 f - 9 scrolls of teleportation
 g - 7 scrolls of remove curse
 q - a scroll of magic mapping
Potions
 j - 5 potions of flight
 l - 2 potions of heal wounds
 n - 10 potions of curing
 p - 3 potions of invisibility
 u - 2 potions of cancellation {unknown}
 A - 2 potions of mutation {unknown}
 C - 2 potions of haste
 G - a potion of might {unknown}
 H - 2 potions of lignification
 K - 2 potions of magic {unknown}
 M - 3 potions of agility
 N - 2 potions of ambrosia {unknown}
 R - a potion of resistance {unknown}
Comestibles
 c - 34 rations


   Skills:
 - Level 17.1(12.6) Fighting
 + Level 20.4(15.7) Axes
 - Level 13.4(9.3) Armour
 - Level 2.2(0.0) Dodging


You had 13 spell levels left.
You didn't know any spells.
Your spell library contained the following spells:

 Spells                   Type           Power        Failure   Level  Hunger
 Infusion                 Chrm           #...         97%         1    ##.....
 Poisonous Vapours        Pois/Air       #.....       99%         2    ###....
 Shroud of Golubria       Chrm/Tloc      #.........   99%         2    ###....
 Song of Slaying          Chrm           #.......     99%         2    ###....
 Conjure Flame            Conj/Fire      #.......     100%        3    ####...
 Mephitic Cloud           Conj/Pois/Air  #.......     100%        3    ####...
 Regeneration             Chrm/Necr      #.........   100%        3    ####...
 Spectral Weapon          Hex/Chrm       #.......     100%        3    ####...
 Freezing Cloud           Conj/Ice/Air   #.........   100%        6    #######
 Ring of Flames           Chrm/Fire      #.........   100%        7    #######


Dungeon Overview and Level Annotations

Branches:
Dungeon (12/15)            Temple (0/1) D:4            Lair (6/6) D:10
  Swamp (0/4) Lair:4        Snake (0/4) Lair:2        Slime (0/5) Lair:5
    Orc (2/2) D:11            Elf (0/3) Orc:2

Altars:
Cheibriados
Fedhas
Hepliaklqana
Okawaru
Qazlal
Ru
Wu Jian
Xom
Yredelemnul
The Shining One
Jiyva

Shops:
D:9 !   Orc:1 *   Orc:2 *


Innate Abilities, Weirdness & Mutations

You reflexively headbutt those who attack you in melee.
You have a pair of horns on your head.


Message History

You feel drained.
You closely miss the orc warlord.
The orc warlord is moderately wounded.
You hit the orc knight. You freeze the orc knight.
The orc knight roars a battlecry!
The orc warlord goes into a battle-frenzy!
You slash the orc warlord! You freeze the orc warlord.
The orc warlord blocks your attack.
The orc warlord is heavily wounded.
You slice the orc knight!! You freeze the orc knight.
You kill the orc knight!
Trog accepts your kill.
The orc warlord hits you with a war axe of draining!!!
* * * LOW HITPOINT WARNING * * *
You feel drained.
* * * LOW HITPOINT WARNING * * *
The orc warlord blocks your attack. x2
The orc warlord is heavily wounded.
The orc warlord hits you with a war axe of draining!!
You die...

...........#........##.....#
......(................^..##
......)....................#
......>...................##
......................#....#
.........#................##
..........................#
...............o..........##
...............)@).........#
......#.#.........#.......##
.......#........#.....#...##
......#.#.#.#.#......#.....#
#.#.##................#...##
...####...............#####
#...##..[.#......##..##
##.####..##..........# ###
#.<.##.....##.##


You could see an orc warlord.

Vanquished Creatures
  2 orc warlords (D:11)
  Nessos (D:12)
  A fire dragon (Lair:6)
  Erolcha (D:12)
  Erica (D:9)
  A two-headed ogre (Orc:1)
  4 death yaks (Lair:4)
  5 orc high priests
  Sonja (D:10)
  The ghost of rxdesu the Quickloader, a novice MiHu (D:7)
  A fire crab (Lair:6)
  An unseen horror (D:9)
  3 orc knights
  A mana viper (shapeshifter) (D:11)
  3 orc sorcerers
  A cyclops (D:11)
  4 ugly things
  A manticore (D:12)
  20 elephants
  3 molten gargoyles (Lair:6)
  Maurice (D:9)
  A torpor snail (shapeshifter) (D:11)
  4 black mambas
  15 spiny frogs
  12 rime drakes
  12 komodo dragons
  2 trolls (D:11)
  A merfolk (D:11)
  7 hippogriffs
  14 blink frogs
  A meliai zombie (D:12)
  8 wyverns
  A shadow (D:12)
  24 yaks
  2 hungry ghosts
  2 basilisks
  13 steam dragons
  4 vampire mosquitoes (D:12)
  5 wargs
  2 soldier ants
  3 nagas (Lair:2)
  6 water moccasins
  5 porcupines
  A swamp drake (D:10)
  3 hell hounds (Lair:6)
  2 sky beasts
  An ice beast (D:10)
  21 orc warriors
  A black bear (D:6)
  9 ogres
  A boggart (D:5)
  3 phantoms
  6 wolves (Lair:2)
  8 crocodiles
  7 centaurs
  A big kobold (D:8)
  13 bullfrogs
  6 scorpions
  18 killer bees
  4 howler monkeys
  5 lava snakes (Lair:6)
  6 crimson imps
  2 centaur zombies
  4 quasits
  8 hounds
  A jelly (D:8)
  8 orc priests
  2 bullfrog skeletons
  Jessica (D:2)
  21 orc wizards
  3 iguanas
  7 worker ants
  2 hound skeletons
  5 worker ant zombies
  12 gnolls
  7 adders
  4 shadow imps
  3 oozes
  3 adder skeletons
  2 worms
  A dart slug (D:1)
  4 leopard geckos
  59 orcs
  8 bats
  4 giant cockroaches
  10 goblins
  5 hobgoblins
  12 jackals
  5 quokkas
  2 ball pythons (D:3)
  5 frilled lizards
  11 kobolds
  A leopard gecko skeleton (D:6)
  10 rats
  6 fungi
  3 plants
558 creatures vanquished.

Vanquished Creatures (collateral kills)
  5 hydras
  A lindwurm (Lair:6)
  A rime drake (Lair:3)
7 creatures vanquished.

Vanquished Creatures (others)
  A hell hound (Lair:6)
  14 fungi
  12 plants
27 creatures vanquished.

Grand Total: 592 creatures vanquished

Notes
Turn   | Place    | Note
-------+----------+-------------------------------------------
     0 | D:1      | Herrscher the Minotaur Berserker began the quest for the
                  | Orb.
     0 | D:1      | Reached XP level 1. HP: 19/19 MP: 0/0
   255 | D:1      | Reached XP level 2. HP: 27/27 MP: 1/1
   327 | D:1      | Reached skill level 4 in Axes
   867 | D:1      | Reached XP level 3. HP: 32/33 MP: 2/2
  1305 | D:2      | Noticed Jessica
  1310 | D:2      | Killed Jessica
  1310 | D:2      | Reached skill level 5 in Axes
  1310 | D:2      | Reached XP level 4. HP: 36/41 MP: 3/3
  1316 | D:2      | Found a basalt altar of Yredelemnul.
  1316 | D:2      | Found a blossoming altar of Fedhas.
  1563 | D:2      | Reached ** piety under Trog
  2708 | D:3      | Reached XP level 5. HP: 44/47 MP: 4/4
  2714 | D:4      | Reached skill level 5 in Fighting
  2833 | D:4      | Found a staircase to the Ecumenical Temple.
  2896 | D:4      | Noticed a sky beast
  2913 | D:4      | Killed a sky beast
  2913 | D:4      | Reached skill level 6 in Axes
  3053 | D:4      | Noticed a phantom
  3127 | D:4      | Killed a phantom
  3127 | D:4      | Reached skill level 7 in Axes
  3127 | D:4      | Reached XP level 6. HP: 29/57 MP: 5/5
  3290 | D:4      | Found a sacrificial altar of Ru.
  3290 | D:4      | Found an iron altar of Okawaru.
  3329 | D:4      | Found an ornate altar of the Wu Jian Council.
  3735 | D:5      | Entered Level 5 of the Dungeon
  3757 | D:5      | Reached skill level 8 in Axes
  3882 | D:5      | Reached XP level 7. HP: 64/64 MP: 6/6
  4177 | D:5      | Reached skill level 9 in Axes
  4186 | D:5      | Reached *** piety under Trog
  4235 | D:5      | Found a stormy altar of Qazlal.
  4962 | D:6      | Reached XP level 8. HP: 73/73 MP: 7/7
  5035 | D:6      | Reached skill level 10 in Axes
  5675 | D:7      | Found a hazy altar of Hepliaklqana.
  5951 | D:7      | Noticed a hippogriff
  6161 | D:6      | Killed a hippogriff
  6161 | D:6      | Reached skill level 11 in Axes
  6272 | D:7      | Found a transporter.
  6276 | D:7      | Noticed rxdesu's ghost (novice MiHu)
  6722 | D:7      | Reached XP level 9. HP: 74/83 MP: 8/8
  6802 | D:7      | Reached skill level 12 in Axes
  6807 | D:7      | Found a glowing golden altar of the Shining One.
  7055 | D:7      | Found a transporter.
  7148 | D:7      | Found a snail-covered altar of Cheibriados.
  7511 | D:7      | Killed rxdesu's ghost
  7666 | D:8      | Reached skill level 10 in Fighting
  7666 | D:8      | Reached skill level 13 in Axes
  7806 | D:8      | Reached **** piety under Trog
  8460 | D:9      | Reached XP level 10. HP: 88/94 MP: 9/9
  8472 | D:9      | Reached skill level 14 in Axes
  9125 | D:9      | Noticed Erica
  9132 | D:9      | Killed Erica
  9158 | D:9      | Killed an unseen horror
  9158 | D:9      | Reached skill level 15 in Axes
  9291 | D:9      | Found a shimmering altar of Xom.
  9376 | D:9      | Found Padyruav's Distillery.
  9384 | D:9      | Bought a potion of heal wounds for 55 gold pieces
  9384 | D:9      | Bought a potion of curing for 33 gold pieces
  9384 | D:9      | Bought a potion of curing for 33 gold pieces
  9505 | D:9      | Upgraded the game from 0.22.1-5-g62c59d919a to
                  | 0.22.1-6-g1668fe2c40
  9509 | D:9      | Noticed Maurice
  9516 | D:9      | Killed Maurice
  9685 | D:10     | Entered Level 10 of the Dungeon
  9685 | D:10     | Noticed a green ugly thing
  9707 | D:9      | Killed a green ugly thing
 10148 | D:10     | Noticed Sonja
 10165 | D:10     | Killed Sonja
 10749 | D:10     | Reached XP level 11. HP: 102/104 MP: 10/10
 10834 | D:10     | Reached skill level 16 in Axes
 10944 | D:10     | Found a staircase to the Lair.
 11846 | D:11     | Noticed a fire crab
 11846 | D:11     | Noticed a mana viper
 11846 | D:11     | a fire crab changed into a mana viper
 11852 | D:11     | Noticed a shining eye
 11861 | D:11     | Killed a mana viper
 11895 | D:11     | Noticed a two-headed ogre
 12133 | D:11     | Noticed a mana viper
 12135 | D:11     | a mana viper changed into a torpor snail
 12193 | D:11     | Received a gift from Trog
 12511 | D:11     | Found a staircase to the Orcish Mines.
 12541 | D:11     | Reached skill level 5 in Armour
 12706 | D:11     | Noticed a cyan ugly thing
 12717 | D:11     | Killed a cyan ugly thing
 12917 | D:11     | Identified the Grimoire of Frigorific Conjuration
 12926 | D:11     | Got a shimmering garnet amulet
 12984 | D:11     | Identified the amulet of Yseitwus {Faith rF+ Int+2} (You
                  | found it on level 11 of the Dungeon)
 13684 | Lair:1   | Entered Level 1 of the Lair of Beasts
 13946 | Lair:1   | Reached ***** piety under Trog
 14166 | Lair:1   | Noticed an eight-headed hydra
 14177 | Lair:1   | Killed an eight-headed hydra
 14708 | Lair:2   | Reached XP level 12. HP: 65/116 MP: 11/11
 15167 | Lair:2   | Noticed an eight-headed hydra
 15180 | Lair:2   | Killed a nine-headed hydra
 15909 | Lair:2   | Found a staircase to the Snake Pit.
 15943 | Lair:2   | Reached skill level 17 in Axes
 16898 | Lair:3   | Reached skill level 18 in Axes
 18098 | Lair:3   | Reached skill level 10 in Armour
 18434 | Lair:3   | Reached skill level 15 in Fighting
 18477 | Lair:3   | Received a gift from Trog
 18538 | Lair:3   | Found the +7 great mace "Firestarter" {inner flame, rF++}
 18661 | Lair:4   | Reached XP level 13. HP: 115/126 MP: 12/12
 18995 | Lair:4   | Found a staircase to the Swamp.
 19021 | Lair:4   | Found a dark tunnel.
 21386 | Lair:5   | Found a viscous altar of Jiyva.
 21386 | Lair:5   | Found a staircase to the Slime Pits.
 21828 | Lair:6   | Entered Level 6 of the Lair of Beasts
 23323 | Lair:6   | Reached XP level 14. HP: 127/140 MP: 13/13
 24113 | Lair:6   | Found a large runed door.
 24113 | Lair:6   | Found a large runed door.
 24340 | Lair:6   | Identified the Compendium of the Escort
 24979 | D:12     | Noticed Nessos
 24987 | D:12     | Killed Nessos
 25177 | D:12     | Noticed Erolcha
 25205 | D:12     | Killed Erolcha
 25293 | D:12     | Reached skill level 19 in Axes
 25434 | D:12     | Received a gift from Trog
 25834 | Orc:1    | Entered Level 1 of the Orcish Mines
 25867 | Orc:1    | Noticed an orc warlord
 26220 | D:11     | Killed an orc warlord
 26295 | Orc:1    | Noticed an orc warlord
 26541 | D:11     | Received a gift from Trog
 26691 | D:11     | Killed an orc warlord
 27112 | Orc:2    | Entered Level 2 of the Orcish Mines
 27115 | Orc:2    | Found a staircase to the Elven Halls.
 27129 | Orc:2    | Found Plog's General Store.
 27292 | Orc:2    | Reached skill level 20 in Axes
 27296 | Orc:2    | Bought a potion of curing for 45 gold pieces
 27403 | Orc:1    | Found Xorol's Assorted Antiques.
 27469 | Orc:1    | Bought a scroll of identify for 42 gold pieces
 27469 | Orc:1    | Bought a scroll of identify for 42 gold pieces
 27922 | Orc:2    | Noticed an orc warlord
 28157 | Orc:1    | Demolished by an orc warlord

Skill      XL: |  1  2  3  4  5  6  7  8  9 10 11 12 13 14 |
---------------+-------------------------------------------+-----
Fighting       | 4 5 6 7 9 10 12 13 15 17 | 17.1
Axes           | 4 5 7 8 9 11 13 15 16 18 20 | 20.4
Armour         | 8 10 13 | 13.4
Dodging        | |  2.2

Action                   |  1- 3 |  4- 6 |  7- 9 | 10-12 | 13-15 || total
-------------------------+-------+-------+-------+-------+-------++-------
Melee: Hand axe          |    70 |   147 |   288 |       |       ||   505
       Headbutt          |     7 |    21 |    65 |   111 |   122 ||   326
       War axe           |       |       |    33 |   336 |       ||   369
       Broad axe         |       |       |       |   151 |   251 ||   402
       Battleaxe         |       |       |       |       |   211 ||   211
       Executioner's axe |       |       |       |       |    79 ||    79
Invok: Berserk           |     1 |     3 |     5 |     7 |     5 ||    21
       Trog's Hand       |       |     1 |     2 |     9 |     4 ||    16
       Brothers in Arms  |       |       |       |     5 |     7 ||    12
Evoke: Wand              |       |       |     1 |       |       ||     1
  Use: Scroll            |       |       |    11 |    16 |    18 ||    45
       Potion            |       |       |       |     2 |     2 ||     4
 Stab: Distracted        |       |       |       |     1 |       ||     1
  Eat: Chunk             |     2 |    11 |    20 |    43 |    19 ||    95
       Ration            |       |       |     2 |     2 |     6 ||    10
Armor: Animal skin       |    26 |    10 |       |       |       ||    36
       Scale mail        |       |    28 |     5 |       |       ||    33
       Leather armour    |       |     2 |       |       |       ||     2
       Chain mail        |       |       |   103 |       |       ||   103
       Plate armour      |       |       |    79 |   301 |   421 ||   801
Dodge: Dodged            |    64 |    66 |   151 |   178 |   228 ||   687
